 Dungeon Sprint DCSS version 0.29-a0-284-gf9362112df (webtiles) character file.

Game seed: 16530160838506127150

28 mhtbhm the Vandal (level 3, -2/31 HPs)
             Began as a Minotaur Hunter on Mar 27, 2022.
             Slain by a human (8 damage)
             ... in the Dungeon (Sprint III: "The Ten Rune Challenge").
             The game lasted 00:00:25 (261 turns).

mhtbhm the Vandal (Minotaur Hunter)                  Turns: 261, Time: 00:00:26

Health: -2/31      AC:  3    Str: 23    XL:     3   Next: 0%
Magic:  2/2        EV: 12    Int:  6    God:
Gold:   0          SH:  0    Dex: 13    Spells: 2/2 levels left

rFire   . . .      SeeInvis .   e - +0 dagger
rCold   . . .      Faith    .   (no shield)
rNeg    . . .      Spirit   .   b - +0 leather armour
rPois   .          Reflect  .   (helmet restricted)
rElec   .          Harm     .   (no cloak)
rCorr   .          Rampage  .   (no gloves)
Will    .....      NoTele   +   (no boots)
Stlth   +.........              (no amulet)
HPRegen 0.10/turn               j - +6 ring of strength
MPRegen 0.08/turn               (no ring)

@: no status effects
A: horns 2, retaliatory headbutt
a: no special abilities


You were in the Dungeon.
You visited 1 branch

Inventory:

Hand Weapons
 a - a +1 hunting sling
 e - a +0 dagger (weapon)
Armour
 b - a +0 leather armour (worn)
Jewellery
 j - a +6 ring of strength (left hand)
Scrolls
 c - a scroll of immolation
 i - a scroll of blinking
Potions
 d - a potion of curing
 f - a potion of haste
 g - 2 potions of magic
 h - a potion of berserk rage


   Skills:
 + Level 3.3 Fighting
 + Level 7.3 Slings
 + Level 0.8 Armour
 + Level 2.6 Dodging
 + Level 0.7 Stealth


You had 2 spell levels left.
You didn't know any spells.
Your spell library was empty.

Dungeon Overview and Level Annotations

Branches:
Dungeon (1/1)

Altars:


Innate Abilities, Weirdness & Mutations

You have a pair of horns on your head.
You reflexively headbutt those who attack you in melee.


Message History

HP restored.
Okay, then.
You open the door.
There is an open door here.
A human comes into view.
The human shouts!
You shoot a sling bullet.
The sling bullet barely misses the human.
You shoot a sling bullet.
The sling bullet hits the human but does no damage.
You shoot a sling bullet. The sling bullet misses the human.
You shoot a sling bullet. The sling bullet hits the human.
The human is lightly wounded.
e - a +0 dagger (weapon)
You hit the human but do no damage.
The human is lightly wounded.
The human closely misses you.
You hit the human. Your headbutt misses the human.
The human is lightly wounded.
The human barely misses you.
You hit the human.
The human is lightly wounded.
The human hits you.
You closely miss the human. Your headbutt misses the human.
The human is lightly wounded.
The human hits you!
You hit the human.
The human is moderately wounded.
The human hits you!
You hit the human but do no damage. You headbutt the human.
The human is heavily wounded.
The human hits you!
* * * LOW HITPOINT WARNING * * *
You hit the human. You headbutt the human!
The human is severely wounded.
The human barely misses you.
You barely miss the human.
The human is severely wounded.
The human hits you!
You die...

▓.....#
▓.....#...≈≈....
▓...[.#..≈≈≈≈...
▓####†#..≈≈≈≈≈≈.
▓[....#.≈≈≈≈≈≈..
▓.....#.≈≈≈≈≈...
▓.....#.≈≈≈.....
▓'#####.........
▓.......@p......
▓▓▓▓▓▓▓▓▓▓▓▓▓▓▓▓


You could see a human.

Vanquished Creatures
  Jessica (D)
  An endoplasm (D)
  2 rats (D)
4 creatures vanquished.

Notes
Turn   | Place    | Note
-------+----------+-------------------------------------------
     0 | D        | mhtbhm the Minotaur Hunter began the quest for the Orb.
     0 | D        | Reached XP level 1. HP: 18/18 MP: 0/0
    11 | D        | Reached skill level 5 in Slings
    53 | D        | Noticed Jessica
    64 | D        | Killed Jessica
    65 | D        | Reached skill level 7 in Slings
    65 | D        | Reached XP level 2. HP: 11/26 MP: 1/1
    65 | D        | Reached XP level 3. HP: 14/31 MP: 2/2
   261 | D        | Slain by a human

Illustrated notes

Levels and vault maps discovered:
D:        dungeon_sprint_mu [sprint_mu_entry_forest, sprint_mu_temple_rooms,
          sprint_mu_d1_horrors, sprint_mu_d2_genie, sprint_mu_d3_branching,
          sprint_mu_orc_legion, sprint_mu_elf_gauntlet, sprint_mu_hive_nellie,
          sprint_mu_lair_fedhas, sprint_mu_vaults_butterflies,
          sprint_mu_slime_circle, sprint_mu_shoals_archi,
          sprint_mu_snake_twists, sprint_mu_blade_basic,
          sprint_mu_crypt_fortress, sprint_mu_tomb_spiral,
          sprint_mu_vestibule_basic, sprint_mu_gehenna_hellfire,
          sprint_mu_dis_giant, sprint_mu_tartarus_statrot,
          sprint_mu_cocytus_islands, sprint_mu_zot1]

Skill      XL: |  1 |
---------------+----+-----
Slings         | 7 |  7.3
Fighting       | 3 |  3.3
Armour         | |  0.8
Dodging        | |  2.6
Stealth        | |  0.7

Action                   || total
-------------------------++-------
Melee: Dagger            ||     8
       Headbutt          ||     2
 Fire: Hunting sling     ||    21
  Use: Potion            ||     1
Armor: Leather armour    ||     1
Dodge: Dodged            ||     7

Table legend: (Time is in decaauts)
 A = Elapsed time spent in this place.
 B = Non-inter-level travel time spent in this place.
 C = Inter-level travel time spent in this place.
 D = Time resting spent in this place.
 E = Time spent auto-exploring this place.
 F = Levels seen in this place.
 G = Mean time per level.
                   A        B        C        D        E       F      G
               +--------+--------+--------+--------+--------+-----+--------+
         Total |    265 |    265 |      0 |    164 |     42 |   1 |  265.0 |
       Dungeon |    265 |    265 |      0 |    164 |     42 |   1 |  265.0 |
               +--------+--------+--------+--------+--------+-----+--------+

Top non-repeatable levels by time:
       D: 265 daAuts
